 Dungeon Crawl Stone Soup version 0.19.5 (webtiles) character file.

229 tognito the Chopper (level 5, -2/43 HPs)
             Began as a Minotaur Berserker on Apr 24, 2017.
             Was a Believer of Trog.
             Slain by a hobgoblin
             ... wielding a +0 club
             ... led by Robin
              (4 damage)
             ... on level 4 of the Dungeon.
             The game lasted 00:05:26 (1943 turns).

tognito the Chopper (Minotaur Berserker)            Turns: 1943, Time: 00:05:26

Health: -2/43      AC:  7    Str: 19    XL:     5   Next: 71%
Magic:  4/4        EV: 12    Int:  4    God:    Trog [**....]
Gold:   142        SH:  0    Dex: 10    Spells: 0 memorised, 4 levels left

rFire  . . .     SeeInvis .     a - +0 hand axe
rCold  . . .     Gourm    .     e - +0 ring mail
rNeg   . . .     Faith    .     (no shield)
rPois  .         Spirit   .     (helmet restricted)
rElec  .         Reflect  .     (no cloak)
rCorr  .         Harm     .     (no gloves)
MR     .....                    (no boots)
Stlth  +.........               (no amulet)
                                o - -3 ring of strength (curse)
                                g - ring of stealth

@: exhausted, slowed, very slow
A: retaliatory headbutt, horns 2, molten scales 1, blink, frail 1
a: Blink, Berserk, Trog's Hand, Burn Spellbooks, Renounce Religion


You were on level 4 of the Dungeon.
You worshipped Trog.
Trog was pleased with you.
You were not hungry.

You visited 1 branch of the dungeon, and saw 4 of its levels.

You collected 142 gold pieces.

Inventory:

Hand Weapons
 a - a +0 hand axe (weapon)
Missiles
 d - 20 bolts
 j - 64 arrows
Armour
 e - a +0 ring mail (worn)
Jewellery
 g - a ring of stealth (left hand)
 o - a cursed -3 ring of strength (right hand)
Scrolls
 f - 2 scrolls of identify
Potions
 k - 2 potions of flight
 l - a potion of ambrosia
 m - a potion of curing
Comestibles
 b - a meat ration
 c - 5 bread rations


   Skills:
 * Level 5.3 Fighting
 * Level 5.5 Axes
 + Level 3.5 Armour
 + Level 3.3 Dodging


You had 4 spell levels left.
You didn't know any spells.

Dungeon Overview and Level Annotations

Branches:
Dungeon (4/15)
 Temple: D:4-7

Altars:
Qazlal


Innate Abilities, Weirdness & Mutations

You reflexively headbutt those who attack you in melee.
You have a pair of horns on your head.
You are partially covered in molten scales. (AC +2)
You can translocate small distances at will.
You are frail. (-10% HP)


Message History

Trog accepts your kill.
Trog appreciates your killing of a magic user.
A hobgoblin comes into view. It is wielding a club.
The hobgoblin shouts!
You see here a dart slug corpse.
You butcher the dart slug corpse.
You feel a strong urge to attack something.
You see here 2 chunks of flesh.
Eat one of 2 chunks of flesh? (ye/n/q)
You start eating one of the 2 chunks of flesh.
This raw flesh tastes terrible.
You feel your anger subside.
You are no longer berserk.
You are exhausted.
You feel yourself slow down. The hobgoblin completely misses you.
A goblin and 2 hobgoblins come into view.
You barely miss the hobgoblin.
The goblin shouts!
Your headbutt misses the hobgoblin. The hobgoblin hits you with a club.
You die...

# ...... #.##
#....
....##.#.#####
.............
#.....))..####.#
......†........#
#.....#(%.###..
......#<..#
........@.#
###.#...g##
.....?...
#..#......
....#....... ##.
#...g...# #
#gg....##
#....###


You could see 3 hobgoblins and a goblin.

Vanquished Creatures
  A howler monkey (D:4)
  A hound (D:4)
  2 orc wizards (D:4)
  3 adders
  An ooze (D:3)
  A worm (D:2)
  3 dart slugs
  3 leopard geckos
  2 orcs
  4 bats
  5 giant cockroaches
  8 goblins
  7 hobgoblins
  3 jackals (D:3)
  2 quokkas
  4 frilled lizards
  6 kobolds
  4 rats
60 creatures vanquished.

Notes
Turn   | Place    | Note
-------+----------+-------------------------------------------
     0 | D:1      | tognito the Minotaur Berserker began the quest for the Orb.
     0 | D:1      | Reached XP level 1. HP: 19/19 MP: 0/0
   127 | D:1      | Reached XP level 2. HP: 27/27 MP: 1/1
   616 | D:2      | Reached XP level 3. HP: 33/33 MP: 2/2
   866 | D:2      | Found a stormy altar of Qazlal.
  1472 | D:3      | Reached ** piety under Trog
  1474 | D:3      | Reached XP level 4. HP: 39/41 MP: 3/3
  1583 | D:3      | Gained mutation: You are frail. (-10% HP) [potion of mutation]
  1583 | D:3      | Gained mutation: You can translocate small distances at will. [potion of mutation]
  1583 | D:3      | Gained mutation: You are partially covered in molten scales. (AC +2) [potion of mutation]
  1725 | D:3      | Found a faded altar of an unknown god.
  1928 | D:4      | Reached skill level 5 in Axes
  1928 | D:4      | Reached XP level 5. HP: 18/42 MP: 4/4
  1933 | D:4      | Reached skill level 5 in Fighting
  1935 | D:4      | HP: 1/43 [orc wizard/rapier (7)]
  1943 | D:4      | Slain by a hobgoblin

Skill      XL: |  1  2  3  4  5 |
---------------+----------------+-----
Axes           | 4 5 |  5.5
Fighting       | 4 5 |  5.3
Armour         | 3 |  3.5
Dodging        | 3 |  3.3

Action                   |  1- 3 |  4- 6 || total
-------------------------+-------+-------++-------
Melee: Hand axe          |    78 |    50 ||   128
       Headbutt          |    11 |     9 ||    20
Invok: Berserk           |       |     1 ||     1
  Use: Potion            |     6 |     2 ||     8
       Scroll            |       |     6 ||     6
  Eat: Chunk             |     2 |     2 ||     4
Armor: Ring mail         |    30 |    31 ||    61
Dodge: Dodged            |    48 |    32 ||    80
